 Dungeon Sprint DCSS version 0.28-a0-1184-g53156a8862 (webtiles) character file.

Game seed: 6178905402212052522

1189 mhtbhm the Fighter (level 8, 0/83 HPs)
             Began as a Minotaur Fighter on Dec 17, 2021.
             Was an Initiate of Gozag.
             Hit by a large rock thrown by a cyclops (14 damage)
             ... in the Dungeon (Sprint IX: "|||||||||||||||||||||||||||||").
             The game lasted 00:01:36 (505 turns).

mhtbhm the Fighter (Minotaur Fighter)                Turns: 505, Time: 00:01:36

Health: 0/83       AC: 18    Str: 23    XL:     8   Next: 19%
Magic:  7/7        EV:  9    Int:  5    God:    Gozag
Gold:   288        SH:  7    Dex: 13    Spells: 7/7 levels left

rFire   . . .      SeeInvis .   a - +3 trident (pain)
rCold   . . .      Faith    .   c - +0 buckler
rNeg    . . .      Spirit   .   b - +1 chain mail
rPois   .          Reflect  .   (helmet restricted)
rElec   .          Harm     .   (no cloak)
rCorr   .          Rampage  .   n - +0 pair of gloves
Will    .....      NoTele   +   o - +0 pair of boots
Stlth   ..........              (no amulet)
HPRegen 0.23/turn               p - +3 ring of dexterity
MPRegen 0.10/turn               q - +2 ring of protection

@: gold aura
A: horns 2, retaliatory headbutt
a: Renounce Religion, Potion Petition, Call Merchant, Bribe Branch


You were in the Dungeon.
You worshipped Gozag.
Gozag was aware of your devotion.
You visited 1 branch You collected 288 gold pieces.

Inventory:

Hand Weapons
 a - a +3 trident of pain (weapon)
Armour
 b - a +1 chain mail (worn)
 c - a +0 buckler (worn)
 n - a +0 pair of gloves (worn)
 o - a +0 pair of boots (worn)
Jewellery
 p - a +3 ring of dexterity (left hand)
 q - a +2 ring of protection (right hand)
Wands
 m - a wand of acid (4)
Scrolls
 j - a scroll of blinking
 l - 2 scrolls of amnesia
Potions
 e - 5 potions of curing
 f - a potion of heal wounds
 g - a potion of haste
 h - 4 potions of magic
 i - a potion of berserk rage


   Skills:
 + Level 11.9 Fighting
 + Level 9.8 Polearms
 + Level 11.8 Armour
 + Level 2.4 Dodging
 + Level 1.4 Stealth
 + Level 10.9 Shields
 + Level 1.1 Evocations


You had 7 spell levels left.
You didn't know any spells.
Your spell library was empty.

Dungeon Overview and Level Annotations

Branches:
Dungeon (1/1)

Altars:
Cheibriados
Dithmenos
Elyvilon
Fedhas
Gozag
Hepliaklqana
Kikubaaqudgha
Makhleb
Nemelex Xobeh
Okawaru
Qazlal
Ru
Sif Muna
Trog
Uskayaw
Vehumet
Wu Jian
Xom
Yredelemnul
Zin
The Shining One
Beogh
Jiyva
Lugonu


Innate Abilities, Weirdness & Mutations

You have a pair of horns on your head.
You reflexively headbutt those who attack you in melee.


Message History

Aim: a boulder beetle (heavily wounded, rolling, covered in acid, 100% to hit)
The bolt of acid hits the red ugly thing!!
The red ugly thing seems to be corroded for longer.
You kill the red ugly thing!
The bolt of acid hits the boulder beetle!
The boulder beetle seems to be corroded for longer.
The boulder beetle is severely wounded.
The bolt of acid hits the cyclops!!
The cyclops seems to be corroded for longer.
The cyclops is severely wounded.
The boulder beetle is distracted by your dazzling golden aura.
Your Polearms skill increases to level 9!
Your Evocations skill increases to level 1!
You have reached level 8!
You feel agile.
Unknown command.
Reach: a) +3 trident (pain)
Press: ? - help, Dir - move target, f/p - boulder beetle
Aim: a boulder beetle (severely wounded, rolling, unaware, covered in acid, hasn't noticed you, about 9% to evade your +3 trident of pain)
You reach to attack!
You strike the helpless boulder beetle from behind!
You puncture the boulder beetle!
The boulder beetle is no longer distracted by gold.
The boulder beetle is almost dead.
You block the boulder beetle's attack.
The boulder beetle stops rolling and uncurls.
Unknown command.
You puncture the boulder beetle!
The boulder beetle is almost dead.
You hit the boulder beetle but do no damage.
You headbutt the boulder beetle.
The boulder beetle is almost dead.
The boulder beetle bites you!!
* * * LOW HITPOINT WARNING * * *
You hit the boulder beetle but do no damage.
You headbutt the boulder beetle.
You kill the boulder beetle!
The cyclops throws a large rock.
The large rock hits you!
You die...
Your body crumbles into a pile of gold.

$
▓.▓
$
▓.▓
$
▓)▓
$
▓.▓
▓.▓
$
▓[▓
▓.▓
$
▓.▓
▓@▓
$ $
▓$▓
$
▓C▓
$
▓O▓
$
▓T▓
$ $
▓.▓
$
▓.▓
$
▓C▓
▓§▓


You could see a two-headed ogre, 2 cyclopes and a troll.

Vanquished Creatures
  A boulder beetle (D)
  An ugly thing (D)
  An unseen horror (D)
  A shadow (D)
  An orc warrior (D)
  A centaur (D)
  3 gnoll sergeants (D)
  An adder zombie (D)
  2 dart slugs (D)
  A giant cockroach (D)
  A hobgoblin (D)
  A ball python zombie (D)
  A frilled lizard (D)
  A quokka zombie (D)
  A rat (D)
18 creatures vanquished.

Notes
Turn   | Place    | Note
-------+----------+-------------------------------------------
     0 | D        | mhtbhm the Minotaur Fighter began the quest for the Orb.
     0 | D        | Reached XP level 1. HP: 19/19 MP: 0/0
   120 | D        | Noticed a centaur
   125 | D        | Killed a centaur
   126 | D        | Reached XP level 2. HP: 31/31 MP: 1/1
   126 | D        | Reached XP level 3. HP: 38/38 MP: 2/2
   126 | D        | Reached XP level 4. HP: 45/45 MP: 3/3
   141 | D        | Found a snail-covered altar of Cheibriados.
   141 | D        | Found a shadowy altar of Dithmenos.
   141 | D        | Found a white marble altar of Elyvilon.
   141 | D        | Found a blossoming altar of Fedhas.
   141 | D        | Found an opulent altar of Gozag.
   142 | D        | Found a hazy altar of Hepliaklqana.
   143 | D        | Found a viscous altar of Jiyva.
   144 | D        | Found an ancient bone altar of Kikubaaqudgha.
   145 | D        | Found a corrupted altar of Lugonu.
   146 | D        | Found a burning altar of Makhleb.
   147 | D        | Found a sparkling altar of Nemelex Xobeh.
   148 | D        | Found an iron altar of Okawaru.
   149 | D        | Found a stormy altar of Qazlal.
   150 | D        | Found a sacrificial altar of Ru.
   151 | D        | Found a shimmering blue altar of Sif Muna.
   152 | D        | Found a bloodstained altar of Trog.
   153 | D        | Found a hide-covered altar of Uskayaw.
   154 | D        | Found a radiant altar of Vehumet.
   161 | D        | Became a worshipper of Gozag Ym Sagoz the Greedy
   168 | D        | Found an ornate altar of the Wu Jian Council.
   169 | D        | Found a shimmering altar of Xom.
   170 | D        | Found a basalt altar of Yredelemnul.
   177 | D        | Found a glowing silver altar of Zin.
   178 | D        | Found a glowing golden altar of the Shining One.
   228 | D        | Noticed a gnoll sergeant
   228 | D        | Noticed an orc warrior
   228 | D        | Noticed a gnoll sergeant
   228 | D        | Noticed a shadow
   228 | D        | Noticed a gnoll sergeant
   247 | D        | Killed an unseen horror
   248 | D        | Reached skill level 1 in Dodging
   248 | D        | Reached XP level 5. HP: 36/57 MP: 4/4
   248 | D        | Reached XP level 6. HP: 40/64 MP: 5/5
   249 | D        | Reached skill level 10 in Armour
   252 | D        | Killed an orc warrior
   253 | D        | Reached skill level 10 in Fighting
   253 | D        | Reached XP level 7. HP: 46/72 MP: 6/6
   260 | D        | Killed a shadow
   261 | D        | Reached skill level 10 in Shields
   266 | D        | Reached skill level 1 in Stealth
   485 | D        | Noticed a boulder beetle
   485 | D        | Noticed a red ugly thing
   485 | D        | Noticed a cyclops
   485 | D        | Noticed a two-headed ogre
   485 | D        | Noticed a troll
   485 | D        | Noticed a cyclops
   501 | D        | Killed a red ugly thing
   502 | D        | Reached skill level 1 in Evocations
   502 | D        | Reached XP level 8. HP: 37/83 MP: 7/7
   505 | D        | Killed a boulder beetle
   505 | D        | Hit by a large rock thrown by a cyclops

Illustrated notes

Levels and vault maps discovered:
D:        linesprint [early_d, line_temple, items_1, d_10, items_2, lair_1,
          lair_end, items_3, orc_1, orc_end, items_4, d_15, swamp_1, shoals_1,
          snake_1, spider_1, d_20, vaults_1, items_5, swamp_end, shoals_end,
          snake_end, spider_end, vaults_end, d_27, items_6, zot_1, zot_end,
          crypt_end, forest_end, elf_end, slime_end, tomb_end, abyss_end,
          pan_hell_end]

Skill      XL: |  1  2  3  4  5  6  7 |
---------------+----------------------+-----
Fighting       | 6 9 10 11 | 11.9
Armour         | 6 9 10 11 | 11.8
Shields        | 6 9 10 | 10.9
Polearms       | 4 6 7 9 |  9.8
Dodging        | 1 2 |  2.4
Stealth        | 1 |  1.4
Evocations     | 1 |  1.1

Action                   |  1- 3 |  4- 6 |  7- 9 || total
-------------------------+-------+-------+-------++-------
Melee: Trident           |    15 |    29 |    21 ||    65
       Headbutt          |     3 |     5 |     7 ||    15
Evoke: Wand              |       |       |     6 ||     6
  Use: Potion            |       |     3 |     1 ||     4
       Scroll            |       |       |     1 ||     1
 Stab: Invisible         |       |       |     1 ||     1
       Distracted        |       |       |     1 ||     1
Armor: Scale mail        |     5 |     1 |       ||     6
       Chain mail        |       |    20 |     2 ||    22
Dodge: Dodged            |     3 |     8 |     7 ||    18
Block: Buckler           |     1 |     4 |     5 ||    10

Table legend: (Time is in decaauts)
 A = Elapsed time spent in this place.
 B = Non-inter-level travel time spent in this place.
 C = Inter-level travel time spent in this place.
 D = Time resting spent in this place.
 E = Time spent auto-exploring this place.
 F = Levels seen in this place.
 G = Mean time per level.
                   A        B        C        D        E       F      G
               +--------+--------+--------+--------+--------+-----+--------+
         Total |    504 |    504 |      0 |    301 |      3 |   1 |  504.0 |
       Dungeon |    504 |    504 |      0 |    301 |      3 |   1 |  504.0 |
               +--------+--------+--------+--------+--------+-----+--------+

Top non-repeatable levels by time:
       D: 504 daAuts
